 Dungeon Crawl Stone Soup version 0.31.0-11-ge490571c62 (webtiles) character file.

Game seed: 7286799788054758186

54 solopath the Poker (level 3, -1/31 HPs)
             Began as a Gnoll Reaver on Jan 27, 2024.
             Slain by Grinder (7 damage)
             ... on level 3 of the Dungeon.
             The game lasted 00:02:53 (1109 turns).

solopath the Poker (Gnoll Reaver)                   Turns: 1109, Time: 00:02:53

Health: -1/31      AC:  3    Str: 11    XL:     3   Next: 91%
Magic:  9/9        EV: 12    Int: 14    God:
Gold:   55         SH:  0    Dex: 10    Spells: 11/12 levels left

rFire   . . .        o - +2 short sword (vamp)
rCold   . . .        (no shield)
rNeg    . . .        b - +0 leather armour
rPois   .            (no helmet)
rElec   .            (no cloak)
rCorr   .            (no gloves)
SInv    .            (no boots)
Will    .....        (no amulet)
Stlth   +            r - +4 ring of slaying
HPRegen 0.25/turn    m - ring of flight
MPRegen 0.11/turn

%: no passive effects
@: flying
A: fangs 1, strong nose, distributed training
a: no special abilities


You were on level 3 of the Dungeon.
You visited 1 branch of the dungeon, and saw 3 of its levels.

You collected 55 gold pieces.

Inventory:

Hand Weapons
 a - a +0 spear
 o - a +2 vampiric short sword (weapon)
Missiles
 j - 3 poisoned darts
Armour
 b - a +0 leather armour (worn)
 i - a +0 cloak
Magical Staves
 l - a staff of cold
Jewellery
 m - a ring of flight (right hand)
 r - a +4 ring of slaying (left hand)
Scrolls
 f - 3 scrolls of identify {unknown}
 g - a scroll of revelation {unknown}
 k - a scroll of blinking {unknown}
 p - a scroll of teleportation {unknown}
Potions
 c - a potion of resistance {unknown}
 d - a potion of enlightenment {unknown}
 e - a potion of curing {unknown}
 h - a potion of heal wounds {unknown}
 n - a potion of magic {unknown}
 q - a potion of brilliance {unknown}


   Skills:
 + Level 4.6 Fighting
 + Level 1.0 Short Blades
 + Level 1.0 Long Blades
 + Level 1.0 Axes
 + Level 1.0 Maces & Flails
 + Level 6.5 Polearms
 + Level 1.0 Staves
 + Level 1.0 Ranged Weapons
 + Level 1.0 Throwing
 + Level 1.0 Armour
 + Level 4.6 Dodging
 + Level 1.0 Stealth
 + Level 1.0 Shields
 + Level 1.0 Unarmed Combat
 + Level 5.0 Spellcasting
 + Level 5.4 Conjurations
 + Level 0.7 Hexes
 + Level 0.7 Summonings
 + Level 0.7 Necromancy
 + Level 0.7 Translocations
 + Level 0.7 Fire Magic
 + Level 0.7 Ice Magic
 + Level 0.7 Air Magic
 + Level 0.7 Earth Magic
 + Level 0.7 Alchemy
 + Level 1.1 Invocations
 + Level 1.0 Evocations
 + Level 0.9 Shapeshifting


You had 11 spell levels left.
You knew the following spells:

 Your Spells              Type           Power      Damage    Failure   Level
a - Kiss of Death         Conj/Necr      48%        2d9       6%          1

Your spell library contained the following spells:

 Spells                   Type           Power      Damage    Failure   Level
 Momentum Strike          Conj/Tloc      24%        3d8       10%         2
 Hailstorm                Conj/Ice       12%        3d6       19%         3
 Olgreb's Toxic Radiance  Alch           5%         N/A       86%         4
 Ozocubu's Refrigeration  Ice            2%         4d8       100%        7
 Discord                  Hex            2%         N/A       100%        8


Dungeon Overview and Level Annotations

Branches:
Dungeon (3/15)

Altars:
Makhleb

Annotations:
D:3 Grinder


Innate Abilities, Weirdness & Mutations

You have very sharp teeth.
Your uncanny sense of smell can sniff out nearby items.
Your experience applies equally to all skills.


Message History

Unknown command.
Unknown command.
You closely miss Grinder. You bite Grinder.
Grinder is lightly wounded.
Grinder hits you.
You writhe in agony.
You hit Grinder.
Grinder is lightly wounded.
You feel sick. Grinder hits you but does no damage.
You closely miss Grinder.
Grinder is lightly wounded.
You feel sick. Grinder hits you but does no damage.
You closely miss Grinder.
Grinder is lightly wounded.
You feel sick. Grinder hits you.
* * * LOW HITPOINT WARNING * * *
You puncture Grinder!
Grinder is moderately wounded.
You feel sick.
You are no longer poisoned.
Grinder gestures at you. You resist with significant effort.
You hit Grinder.
Grinder is moderately wounded.
Grinder barely misses you.
You barely miss Grinder.
Grinder is moderately wounded.
Grinder gestures at you.
You suddenly lose the ability to move!
Grinder blinks!
You can move again.
Unknown command.
Unknown command.
You see here an adder corpse.
Grinder says, "There's only one good use for a tongue: cutting it out."
You see here an adder corpse.
You barely miss Grinder. You bite Grinder.
Grinder is heavily wounded.
Grinder hits you!
You die...
Grinder sighs, "Dead already?
I want a refund."

### #.! #.# #.# #.#
#5##########
#@##.......#
#####.##.......#
#.....##.......#
####.######.......#
#.......# #.......#
#.##.##J# #.......#
# #.##.# #J..<...#
##..#J###......##
#.$.....#.##...5...


You could see Grinder.

Vanquished Creatures
  An adder (D:3)
  A dart slug (D:1)
  2 ball pythons (D:1)
  6 endoplasms
  A giant cockroach (D:1)
  4 goblins
  7 hobgoblins
  A quokka (D:2)
  6 bats (D:1)
  3 kobolds
  5 rats (D:1)
37 creatures vanquished.

Notes
Turn   | Place    | Note
-------+----------+-------------------------------------------
     0 | D:1      | solopath the Gnoll Reaver began the quest for the Orb.
     0 | D:1      | Reached XP level 1. HP: 20/20 MP: 6/6
   120 | D:1      | Reached XP level 2. HP: 7/24 MP: 5/7
   507 | D:1      | Reached skill level 5 in Spellcasting
   507 | D:1      | Reached XP level 3. HP: 31/31 MP: 7/9
   812 | D:2      | Reached skill level 1 in Invocations
   941 | D:2      | Found a burning altar of Makhleb.
  1073 | D:3      | Noticed Grinder
  1098 | D:3      | Reached skill level 1 in Short Blades
  1098 | D:3      | Reached skill level 1 in Long Blades
  1098 | D:3      | Reached skill level 1 in Axes
  1098 | D:3      | Reached skill level 1 in Maces & Flails
  1098 | D:3      | Reached skill level 1 in Staves
  1098 | D:3      | Reached skill level 1 in Ranged Weapons
  1098 | D:3      | Reached skill level 1 in Throwing
  1098 | D:3      | Reached skill level 1 in Armour
  1098 | D:3      | Reached skill level 1 in Stealth
  1098 | D:3      | Reached skill level 1 in Shields
  1098 | D:3      | Reached skill level 1 in Unarmed Combat
  1098 | D:3      | Reached skill level 1 in Evocations
  1104 | D:3      | Paralysed by Grinder for 2 turns
  1109 | D:3      | Slain by Grinder

Illustrated notes

Levels and vault maps discovered:
D:1:      lightli_arrival_flooded_house, layout_basic
D:2:      layout_rooms, basic_altar, item_on_display_a
D:3:      layout_loops_cross, mrwooster_statue_mirror, uniq_grinder

Skill      XL: |  1  2  3 |
---------------+----------+-----
Spellcasting   | 5 |  5.0
Invocations    | 1 |  1.1
Short Blades   | 1 |  1.0
Long Blades    | 1 |  1.0
Axes           | 1 |  1.0
Maces & Flails | 1 |  1.0
Staves         | 1 |  1.0
Ranged Weapons | 1 |  1.0
Throwing       | 1 |  1.0
Armour         | 1 |  1.0
Stealth        | 1 |  1.0
Shields        | 1 |  1.0
Unarmed Combat | 1 |  1.0
Evocations     | 1 |  1.0
Fighting       | |  4.6
Polearms       | |  6.5
Dodging        | |  4.6
Conjurations   | |  5.4
Hexes          | |  0.7
Summonings     | |  0.7
Necromancy     | |  0.7
Translocations | |  0.7
Fire Magic     | |  0.7
Ice Magic      | |  0.7
Air Magic      | |  0.7
Earth Magic    | |  0.7
Alchemy        | |  0.7
Shapeshifting  | |  0.9

Action                     || total
---------------------------++-------
  Melee: Spear             ||   129
         Bite              ||     7
         Short sword       ||    13
   Cast: Kiss of Death     ||     1
 Armour: Leather armour    ||    51
  Dodge: Dodged            ||    70
